 Dungeon Crawl Stone Soup version 0.30-a0-358-g0d69a1922f (webtiles) character file.

Game seed: 8743651000231500310

3 MachoJfn the Conjurer (level 1, -2/14 HPs)
             Began as a Demigod Conjurer on Nov 10, 2022.
             Slain by a ball python (3 damage)
             ... on level 1 of the Dungeon.
             The game lasted 00:01:47 (232 turns).

MachoJfn the Conjurer (Demigod Conjurer)             Turns: 232, Time: 00:01:48

Health: -2/14      AC:  2    Str:  8    XL:     1   Next: 33%
Magic:  4/5        EV:  9    Int: 20    God:
Gold:   20         SH:  0    Dex: 12    Spells: 2/3 levels left

rFire   . . .      SeeInvis .    c - +2 war axe (vorpal)
rCold   . . .      Faith    .    (no shield)
rNeg    . . .      Spirit   .    a - +0 robe
rPois   .          Reflect  .    (no helmet)
rElec   .          Harm     .    (no cloak)
rCorr   .          Rampage  .    (no gloves)
Will    .....                    (no boots)
Stlth   ++........               (no amulet)
HPRegen 0.22/turn                (no ring)
MPRegen 0.09/turn                (no ring)

@: constricted
A: high MP 1, forlorn, divine attributes
a: no special abilities


You were on level 1 of the Dungeon.
You visited 1 branch of the dungeon, and saw 1 of its levels.

You collected 20 gold pieces.

Inventory:

Hand Weapons
 c - a +2 vorpal war axe (weapon)
Missiles
 e - 3 curare-tipped darts
Armour
 a - a +0 robe (worn)
Potions
 b - a potion of magic
 d - 2 potions of degeneration {unknown}


   Skills:
 + Level 1.9 Dodging
 + Level 1.9 Stealth
 + Level 1.7 Spellcasting
 + Level 3.6 Conjurations


You had 2 spell levels left.
You knew the following spells:

 Your Spells              Type           Power      Damage    Failure   Level
a - Magic Dart            Conj           64%        1d6       3%          1

Your spell library contained the following spells:

 Spells                   Type           Power      Damage    Failure   Level
 Searing Ray              Conj           32%        2d5       5%          2
 Dazzling Flash           Conj/Hex       18%        N/A       22%         3
 Fulminant Prism          Conj/Hex       4%         3d5       58%         4
 Iskenderun's Mystic Bla  Conj/Tloc      9%         2d4       58%         4


Dungeon Overview and Level Annotations

Branches:
Dungeon (1/15)


Innate Abilities, Weirdness & Mutations

You have an increased reservoir of magic. (+10% MP)
You shall have no god before yourself.
Your divine heritage dramatically boosts your attributes as you level up.


Message History

You closely miss the ball python. The ball python completely misses you.
The ball python barely misses you. The ball python bites you.
The ball python misses you.
You closely miss the ball python. You barely miss the rat. The rat bites you.
The ball python barely misses you. x2; The rat bites you but does no damage.
You barely miss the ball python. You hit the rat.
You kill the rat!
The ball python barely misses you. The ball python misses you.
The ball python barely misses you. The ball python misses you.
You barely miss the ball python. The ball python barely misses you.
The ball python misses you. x2; The ball python grabs you.
The ball python constricts you.
You closely miss the ball python. The ball python bites you.
The ball python constricts you. The ball python misses you.
The ball python constricts you.
You hit the ball python but do no damage.
The ball python closely misses you. The ball python constricts you.
The ball python bites you. The ball python constricts you.
You barely miss the ball python.
The ball python bites you but does no damage.
The ball python constricts you.
You barely miss the ball python. The ball python barely misses you.
The ball python constricts you. The ball python bites you.
* * * LOW HITPOINT WARNING * * *
The ball python constricts you.
Casting: Magic Dart (safe; 3% risk of failure)
Confirm with . or Enter, or press ? or * to list all spells.
Aiming: Magic Dart (safe; 3% risk of failure)
Press: ? - help, Shift-Dir - straight line, f - ball python
Aim: a ball python (constricting you, 100% to hit)
The magic dart hits the ball python.
The ball python is heavily wounded.
The ball python bites you.
* * * LOW HITPOINT WARNING * * *
The ball python constricts you.
You barely miss the ball python.
The ball python is heavily wounded.
The ball python closely misses you. The ball python constricts you.
The ball python bites you.
You die...

###### ########........
......#........ #..............
#..............###
#................#
#.†S.............#
#..@.............#
#..#..#..........## .....#..#
..........#
...)....#..##..........# ..
#.......#..##..........# ...
#+##.......#..##..........#
....#.....#....#..............##
....#.##.##....#.#.............#
.....................#.........#


You could see a ball python.

Vanquished Creatures
  A giant cockroach (D:1)
  A quokka (D:1)
  A rat (D:1)
3 creatures vanquished.

Notes
Turn   | Place    | Note
-------+----------+-------------------------------------------
     0 | D:1      | MachoJfn the Demigod Conjurer began the quest for the Orb.
     0 | D:1      | Reached XP level 1. HP: 14/14 MP: 5/5
   232 | D:1      | Slain by a ball python

Illustrated notes

Levels and vault maps discovered:
D:1:      dpeg_arrival_renting, layout_basic

Action                   || total
-------------------------++-------
Melee: War axe           ||    14
 Cast: Magic Dart        ||     3
Armor: Robe              ||     4
Dodge: Dodged            ||    18

Table legend: (Time is in decaauts)
 A = Elapsed time spent in this place.
 B = Non-inter-level travel time spent in this place.
 C = Inter-level travel time spent in this place.
 D = Time resting spent in this place.
 E = Time spent auto-exploring this place.
 F = Levels seen in this place.
 G = Mean time per level.
                   A        B        C        D        E       F      G
               +--------+--------+--------+--------+--------+-----+--------+
         Total |    238 |     35 |    203 |      0 |      0 |   1 |  238.0 |
       Dungeon |    238 |     35 |    203 |      0 |      0 |   1 |  238.0 |
               +--------+--------+--------+--------+--------+-----+--------+

Top non-repeatable levels by time:
     D:1: 238 daAuts
